 Dungeon Crawl Stone Soup version 0.29-a0-962-gc8bbfd0a37 (webtiles) character file.

Game seed: 4094528158423238705

1565 spaghetti the Fighter (level 8, 1/84 HPs)
             Began as a Naga Fighter on July 28, 2022.
             Was an Initiate of Ru.
             Quit the game on level 7 of the Dungeon on July 30, 2022.
             The game lasted 00:12:19 (8057 turns).

spaghetti the Fighter (Naga Fighter)                Turns: 8057, Time: 00:12:20

Health: 1/84       AC:  8    Str: 17 (19) XL:     8   Next: 89%
Magic:  8/8        EV:  2    Int:  8 (9)  God:    Ru [......]
Gold:   158        SH:  3    Dex:  7 (8)  Spells: 7/7 levels left

rFire   . . .      SeeInvis +     - Unarmed
rCold   . . .      Faith    .   b - +0 buckler
rNeg    . . .      Spirit   .   m - +0 plate armour
rPois   +          Reflect  .   (no helmet)
rElec   .          Harm     .   (no cloak)
rCorr   .          Rampage  .   (no gloves)
Will    +....                   (no barding)
Stlth   ..........              (no amulet)
HPRegen 0.24/turn               (no ring)
MPRegen 0.11/turn               (no ring)

@: very slow
A: AC +2, large, see invisible, deformed body, poison resistance, slowness 2,
spit poison 1, naga tail 1, clumsy 1, dopey 1
a: Spit Poison, Renounce Religion


You were on level 7 of the Dungeon.
You worshipped Ru.
Ru was noncommittal.
You visited 2 branches of the dungeon, and saw 9 of its levels.

You collected 270 gold pieces.
You spent 112 gold pieces at shops.


Innate Abilities, Weirdness & Mutations

Your serpentine skin is tough. (AC +2)
You have supernaturally acute eyesight. (SInv)
Armour fits poorly on your strangely shaped body.
Your system is resistant to poisons. (rPois)
You cover ground very slowly.
You can spit poison.
You have a snake-like lower body.
You are clumsy. (Dex -2)
You are dopey. (Int -2)


   Skills:
 + Level 8.8 Fighting
 - Level 2.4 Armour
 - Level 2.6 Shields
 - Level 3.1 Unarmed Combat
 + Level 6.4 Earth Magic


You had 7 spell levels left.
You didn't know any spells.
Your spell library contained the following spells:

 Spells                   Type           Power      Damage    Failure   Level
 Sandblast                Erth           20%        2d7       90%         1
 Passwall                 Tmut/Erth      4%         N/A       100%        2
 Sublimation of Blood     Necr           0%         N/A       100%        2
 Stone Arrow              Conj/Erth      10%        3d7       100%        3
 Leda's Liquefaction      Hex/Erth       2%         N/A       100%        4
 Petrify                  Tmut/Erth      5%         N/A       100%        4
 Irradiate                Conj/Tmut      0%         3d11      100%        5
 Lee's Rapid Deconstruct  Erth           5%         3d7*      100%        5
 Statue Form              Tmut/Erth      3%         N/A       100%        6

Inventory:

Hand Weapons
 d - a +0 dagger {short}
   (You took it off a kobold on level 1 of the Dungeon)
 e - a +0 club {mace}
   (You took it off a goblin on level 1 of the Dungeon)
 f - a +0 club {mace}
   (You took it off a goblin on level 1 of the Dungeon)
 i - a +0 short sword {short}
   (You took it off a kobold on level 1 of the Dungeon)
 j - a +0 dagger {short}
   (You found it on level 1 of the Dungeon)
 n - a +1 dagger of venom {short}
   (You took it off a goblin on level 1 of the Dungeon)
Missiles
 k - 3 stones (quivered) {throwing}
 l - 2 boomerangs {throwing}
 v - a poisoned dart {throwing}
Armour
 a - a +0 scale mail
 b - a +0 buckler (worn)
 m - a +0 plate armour (worn)
   (You found it on level 1 of the Dungeon)
 p - a +0 helmet
   (You found it on level 2 of the Dungeon)
Magical Staves
 t - a staff of conjuration {!a@e2staff}
   (You found it on level 4 of the Dungeon)
Scrolls
 g - 2 scrolls of enchant armour
 h - a scroll of blinking {!r}
 x - a scroll of vulnerability {!r!r}
Potions
 c - a potion of brilliance
 q - a potion of magic
 w - 2 potions of curing {@q1}

Dungeon Overview and Level Annotations

Branches:
Dungeon (8/15) Zot: 26630  Temple (1/1) D:7 Zot: 5683
   Lair: D:8-11

Altars:
Ashenzari
Dithmenos
Fedhas
Gozag
Hepliaklqana
Kikubaaqudgha
Makhleb
Nemelex Xobeh
Okawaru
Qazlal
Ru
Trog
Vehumet
Wu Jian
Xom
Zin

Shops:
D:6 ?

Annotations:
D:5 3 runed translucent doors, Yogidamonk's ghost, amateur MiHu

**,******,,,,*,,,,* *,*
**,* *,,,,*********,*
,*,* *,,,,,,,,,,,,,,*
,*,**********************
,*,,,,,,,,,,,,,,,,,,,,,,*
#######################,*
......................#,*
##.##.##.############.#,*
#.........##..oo@.....#,*
.............##########,*
#..⌠...⌠..#..# *,*
#......o..##o### *,*
...[.>.........# *,*
#.........#....# *,*
#..⌠...⌠..#....# *,*
.............### *,*
#!........##.# *,*


You could see an orc warrior and an orc.


Message History

Done exploring.
Done exploring.
Search for what [? for help]? chei Can't find anything matching that.
You don't know any spells.
Okay, then.
There is a sacrificial altar of Ru here.
You coil in front of the altar of Ru.
Ru welcomes you!
Unknown command.
Press < or > to pray at altars.
(D) Dungeon (T) Temple
Where to? (Enter - D:6, ? - help)
There is a staircase back to the Dungeon here.
You climb upwards.
Welcome back to the Dungeon!
There is a staircase to the Ecumenical Temple here.
Unknown command.
Unknown command.
There is a fountain of clear blue water here.
Okay, then.
Really read
y - a scroll of magic mapping {!r}?
As you read the scroll of magic mapping {!r}, it crumbles to dust.
You feel aware of your surroundings.
You sensed 1 altar.
An orc warrior is nearby!
An orc warrior is nearby!
The orc warrior shouts!
Aiming: Spit Poison (1% risk of failure)
Press: ? - help, Shift-Dir - straight line, f - orc warrior
Aim: an orc warrior, wielding a +0 hand axe and wearing a +1 chain mail of willpower (60% to hit)
The splash of poison hits the orc warrior but does no damage.
You hit the orc warrior but do no damage.
The orc warrior hits you with a +0 hand axe. 😕 HP[-2]
You take 2 damage, and now have 82/84 hp.
You hit the orc warrior.
The orc warrior hits you with a +0 hand axe.
You hit the orc warrior. The orc warrior completely misses you.
You hit the orc warrior.
You have got your breath back.
The orc warrior hits you but does no damage.
You hit the orc warrior.
You hit the orc warrior but do no damage.
The orc warrior hits you with a +0 hand axe! 😕 HP[-7]
You take 7 damage, and now have 75/84 hp.
You closely miss the orc warrior. The orc warrior completely misses you.
The orc shouts!
You hit the orc warrior but do no damage.
The orc warrior hits you with a +0 hand axe! 😕 HP[-9]
You take 9 damage, and now have 66/84 hp.
You closely miss the orc warrior.
The orc warrior hits you with a +0 hand axe. 😮 HP[-4]
You take 4 damage, and now have 62/84 hp.
You hit the orc warrior but do no damage.
The orc warrior hits you with a +0 hand axe! 😮 HP[-7]
You take 7 damage, and now have 55/84 hp.
You hit the orc warrior but do no damage.
The orc warrior hits you with a +0 hand axe! 😮 HP[-8]
You take 8 damage, and now have 47/84 hp.
You hit the orc warrior but do no damage.
The orc warrior completely misses you.
You barely miss the orc warrior. You block the orc warrior's attack.
You hit the orc warrior but do no damage.
The orc warrior hits you with a +0 hand axe!
* * * LOW HITPOINT WARNING * * *
😨 HP[-15]
You take 15 damage, and now have 32/84 hp.
You hit the orc warrior but do no damage.
The orc warrior hits you with a +0 hand axe!
* * * LOW HITPOINT WARNING * * *
😨 HP[-7]
You take 7 damage, and now have 25/84 hp.
You barely miss the orc warrior.
The orc warrior hits you with a +0 hand axe!
* * * LOW HITPOINT WARNING * * *
😱 HP[-8]
You take 8 damage, and now have 17/84 hp.
Unknown command.
Okay, then.
Okay, then.
Okay, then.
You aren't carrying any items that you can evoke.
Okay, then.
You barely miss the orc warrior.
The orc warrior hits you with a +0 hand axe.
* * * LOW HITPOINT WARNING * * *
😱 HP[-4]
You take 4 damage, and now have 13/84 hp.
You barely miss the orc warrior.
The orc warrior hits you with a +0 hand axe!
* * * LOW HITPOINT WARNING * * *
😱 HP[-12]
You take 12 damage, and now have 1/84 hp.
Unknown command.
Unknown command.
Are you sure you want to abandon this character and quit the game? (Confirm with "yes".)

Skill      XL: |  1  2  3  4  5  6  7  8 |
---------------+-------------------------+-----
Unarmed Combat | 3 |  3.1
Fighting       | 4 5 6 7 8 |  8.8
Earth Magic    | 1 2 4 6 |  6.4
Armour         | |  2.4
Shields        | |  2.6

Action                   |  1- 3 |  4- 6 |  7- 9 || total
-------------------------+-------+-------+-------++-------
Melee: Unarmed           |    69 |       |   185 ||   254
       Dagger            |    82 |   154 |   106 ||   342
Throw: Stone             |     6 |    23 |    17 ||    46
       Dart              |       |       |     5 ||     5
 Abil: Spit Poison       |     4 |     3 |     4 ||    11
Evoke: Wand              |       |       |    13 ||    13
  Use: Scroll            |       |     3 |    13 ||    16
       Potion            |       |    10 |    13 ||    23
Armor: Scale mail        |    16 |       |       ||    16
       Plate armour      |    63 |   127 |   141 ||   331
       Skin              |       |    14 |    49 ||    63
Dodge: Dodged            |    41 |    23 |    37 ||   101
Block: Buckler           |    30 |    34 |    46 ||   110

Levels and vault maps discovered:
D:1:      dpeg_arrival_shrine, layout_basic
D:2:      layout_basic
D:3:      layout_rooms
D:4:      layout_rooms, grunt_gozag_statues, kennysheep_generic_room_2
D:5:      layout_cave_pods, ebering_ghost_rock_garden
D:6:      layout_cave_pools, lemuel_coloured_pillars_altar,
          nicolae_inconvenience_store
D:7:      layout_basic, overflow_temple_1_default,
          minmay_temple_entry_large_hall, grunt_ogre_cave, minmay_misc_feat_iff,
          minmay_crossroads
D:8:      layout_cave_pools, mainiacjoe_overflow_divided_tiny,
          kennysheep_orc_sif_temple, uniq_psyche
Temple:   hellmonk_temple_of_storms

Notes
Turn   | Place    | Note
-------+----------+-------------------------------------------
     0 | D:1      | spaghetti the Naga Fighter began the quest for the Orb.
     0 | D:1      | Reached XP level 1. HP: 21/21 MP: 1/1
     0 | D:1      | magus.rc [v1.9.6]
   424 | D:1      | Reached XP level 2. HP: 21/28 MP: 2/2
   947 | D:1      | Reached skill level 3 in Unarmed Combat
   952 | D:1      | Upgraded the game from 0.29-a0-925-g0a7a3d12f8 to
                  | 0.29-a0-962-gc8bbfd0a37
   952 | D:1      | magus.rc [v1.9.6]
  1415 | D:1      | You pick up a book of the Earth and begin reading...
  1415 | D:1      | You add the spells Leda's Liquefaction, Lee's Rapid
                  | Deconstruction and Statue Form to your library.
  1628 | D:2      | Reached XP level 3. HP: 26/34 MP: 3/3
  2366 | D:3      | Reached skill level 4 in Fighting
  2382 | D:3      | Reached XP level 4. HP: 39/44 MP: 4/4
  2783 | D:3      | You fall into a shaft and drop 3 floors!
  2818 | D:5      | Entered Level 5 of the Dungeon
  2852 | D:5      | Reached skill level 5 in Fighting
  2852 | D:5      | Reached XP level 5. HP: 42/52 MP: 5/5
  2852 | D:5      | Gained mutation: You are dopey. (Int -2) [potion of
                  | mutation]
  2852 | D:5      | Gained mutation: You are clumsy. (Dex -2) [potion of
                  | mutation]
  3069 | D:5      | You pick up a book of Geomancy and begin reading...
  3069 | D:5      | You add the spells Sandblast, Passwall and Stone Arrow to
                  | your library.
  3150 | D:5      | Reached skill level 1 in Earth Magic
  3150 | D:5      | Reached XP level 6. HP: 41/62 MP: 6/6
  3167 | D:5      | Reached skill level 6 in Fighting
  3167 | D:5      | Reached skill level 2 in Earth Magic
  3654 | D:4      | HP: 13/62 [orc wizard/+0 dagger (3)]
  3670 | D:4      | HP: 14/63 [adder (3)]
  3873 | D:4      | Reached XP level 7. HP: 63/70 MP: 7/7
  3884 | D:4      | HP: 22/105 [gnoll/+0 whip (5)]
  3890 | D:4      | Reached skill level 3 in Earth Magic
  4364 | D:4      | Found an opulent altar of Gozag.
  5183 | D:5      | Reached skill level 7 in Fighting
  5183 | D:5      | Reached skill level 4 in Earth Magic
  5281 | D:5      | HP: 17/72 [jelly (2)]
  5281 | D:5      | HP: 8/72 [acid (9)]
  5286 | D:5      | HP: 17/108 [acid (5)]
  5672 | D:5      | Reached XP level 8. HP: 60/80 MP: 8/8
  5837 | D:5      | Found a runed translucent gate.
  5837 | D:5      | Found a runed translucent gate.
  5837 | D:5      | Found a runed translucent gate.
  5840 | D:5      | Noticed Yogidamonk's ghost (amateur MiHu)
  6109 | D:6      | Found Rycoulu's Magic Scroll Boutique.
  6124 | D:6      | Reached skill level 5 in Earth Magic
  6346 | D:6      | Bought a scroll of identify for 28 gold pieces
  6346 | D:6      | Bought a scroll of identify for 28 gold pieces
  6346 | D:6      | Bought a scroll of identify for 28 gold pieces
  6346 | D:6      | Bought a scroll of identify for 28 gold pieces
  6440 | D:6      | HP: 22/121 [orc priest/divine providence (12)]
  6442 | D:6      | Reached skill level 8 in Fighting
  6453 | D:6      | HP: 16/121 [orc priest/divine providence (10)]
  6497 | D:6      | HP: 12/81 [white imp/puff of frost (8)]
  6504 | D:6      | HP: 1/81 [white imp/puff of frost (10)]
  6760 | D:6      | Reached skill level 6 in Earth Magic
  7006 | D:6      | HP: 19/82 [sky beast (5)]
  7331 | D:7      | Found a staircase to the Ecumenical Temple.
  7703 | D:7      | You pick up a book of Alchemy and begin reading...
  7703 | D:7      | You add the spells Sublimation of Blood, Petrify and
                  | Irradiate to your library.
  7707 | Temple   | Entered the Ecumenical Temple
  7988 | Temple   | Became a worshipper of Ru the Awakened
  8054 | D:7      | HP: 17/84 [orc warrior/+0 hand axe (8)]
  8056 | D:7      | HP: 1/84 [orc warrior/+0 hand axe (12)]
  8057 | D:7      | Quit the game

Vanquished Creatures
  An orc warrior (D:6)
  An ice beast (D:6)
  2 ogres
  A black bear (D:5)
  A phantom (D:5)
  A necrophage (D:5)
  3 scorpions (D:5)
  2 howler monkeys (D:6)
  3 jellies
  4 hounds
  3 orc priests (D:6)
  An iguana (D:6)
  8 orc wizards
  4 adders
  4 gnolls (D:4)
  2 white imps
  3 ufetubi
  2 worms (D:2)
  2 dart slugs
  19 orcs
  10 ball pythons
  6 endoplasms
  A giant cockroach (D:1)
  9 goblins
  8 hobgoblins
  3 jackals (D:2)
  6 quokkas
  3 bats
  2 frilled lizards (D:3)
  7 kobolds
  6 rats
128 creatures vanquished.

Table legend:
 A = Non-vault XP
 B = Vault XP
 C = Vault XP percentage of total XP
 D = Non-vault monster count
 E = Vault monster count
 F = Vault count percentage of total count
                 A         B        C        D         E       F
            +---------+---------+-------+---------+---------+-------
      Total |    2226 |      10 |   0.4 |     125 |       3 |   2.3
            +---------+---------+-------+---------+---------+-------
        D:1 |      28 |       0 |   0.0 |      19 |       0 |   0.0
        D:2 |      43 |       0 |   0.0 |      19 |       0 |   0.0
        D:3 |      41 |       0 |   0.0 |      17 |       0 |   0.0
        D:4 |     265 |      10 |   3.6 |      26 |       3 |  10.3
        D:5 |     897 |       0 |   0.0 |      18 |       0 |   0.0
        D:6 |     914 |       0 |   0.0 |      24 |       0 |   0.0
        D:7 |       3 |       0 |   0.0 |       1 |       0 |   0.0
        D:8 |      35 |       0 |   0.0 |       1 |       0 |   0.0
            +---------+---------+-------+---------+---------+-------

Illustrated notes

Table legend:
 A = Kills in this place as a percentage of kills in entire the game.
 B = Kills by you in this place as a percentage of kills by you in the entire game.
 C = Kills by friends in this place as a percentage of kills by friends in the entire game.
 D = Other kills in this place as a percentage of other kills in the entire game.
 E = Experience gained in this place as a percentage of experience gained in the entire game.
 F = Experience gained in this place divided by the number of levels of this place that you have seen.
                   A       B       C       D       E      F
               +-------+-------+-------+-------+-------+----------------------
         Total | 100.0 | 100.0 |   N/A |   N/A | 100.0 | 248.4
       Dungeon | 100.0 | 100.0 |   N/A |   N/A | 100.0 | 279.5
               +-------+-------+-------+-------+-------+----------------------

Table legend: (Time is in decaauts)
 A = Elapsed time spent in this place.
 B = Non-inter-level travel time spent in this place.
 C = Inter-level travel time spent in this place.
 D = Time resting spent in this place.
 E = Time spent auto-exploring this place.
 F = Levels seen in this place.
 G = Mean time per level.
                   A        B        C        D        E       F      G
               +--------+--------+--------+--------+--------+-----+--------+
         Total |   9225 |   9101 |    124 |   1025 |   6749 |   9 | 1025.0 |
       Dungeon |   8908 |   8791 |    117 |   1025 |   6509 |   8 | 1113.5 |
        Temple |    316 |    310 |      6 |      0 |    239 |   1 |  316.0 |
               +--------+--------+--------+--------+--------+-----+--------+

Top non-repeatable levels by time:
     D:5: 2285 daAuts
     D:1: 1843 daAuts
     D:4: 1360 daAuts
     D:6: 1099 daAuts
     D:2: 897 daAuts
     D:3: 614 daAuts
     D:7: 544 daAuts
  Temple: 316 daAuts
     D:8: 263 daAuts
